 Dungeon Crawl Stone Soup version 0.29-a0-668-g12ee2bf84d (webtiles) character file.

Game seed: 1016018352283936816

75882 thriggle the Covert (level 15, 0/115 HPs)
             Began as a Gnoll Wanderer on June 23, 2022.
             Was the Champion of Lugonu.
             Constricted to death by Jorgrun (5 damage)
             ... on level 1 of the Orcish Mines.
             The game lasted 01:49:07 (18596 turns).

thriggle the Covert (Gnoll Wanderer)               Turns: 18596, Time: 01:49:07

Health: 0/115      AC: 29    Str: 21    XL:     15   Next: 51%
Magic:  28/30      EV:  6    Int: 14    God:    Lugonu [******]
Gold:   1031       SH: 18    Dex: 20    Spells: 17/36 levels left

rFire   + . .      SeeInvis .   x - +4 trident (spect)
rCold   . . .      Faith    .   Z - +0 tower shield
rNeg    . . .      Spirit   .   v - +4 plate armour of Gocip {Rampage Will- Str+7 Slay+6}
rPois   .          Reflect  .   U - +2 hat {Will+}
rElec   .          Harm     .   K - scarf {repulsion}
rCorr   .          Rampage  +   H - +1 pair of gloves {hurl}
Will    +....                   r - +0 pair of boots
Stlth   +.........              R - amulet of regeneration
HPRegen 1.09/turn               Q - ring of the Moon {rF+ AC+4}
MPRegen 0.22/turn               E - +6 ring of dexterity

@: grasped by roots, freezing walls, constricted, repel missiles
A: fangs 1, strong nose, distributed training
a: Renounce Religion, Depart the Abyss, Bend Space, Banish, Corrupt, Enter the
Abyss, Brand Weapon With Distortion


You were on level 1 of the Orcish Mines.
You worshipped Lugonu.
Lugonu was exalted by your worship.
You visited 4 branches of the dungeon, and saw 20 of its levels.

You collected 1289 gold pieces.
You spent 258 gold pieces at shops.

Inventory:

Hand Weapons
 b - a +0 halberd of flaming
 x - a +4 spectral trident (weapon)
 G - the +1 quarterstaff "Eplaim" {freeze, Stlth+}
   (You found it on level 4 of the Lair of Beasts)

   It freezes those it strikes, dealing additional cold damage.
   It can also slow down cold-blooded creatures.
   Stlth:     It makes you more stealthy.
 I - the +5 flail of Demonkind {speed, rPois rF- Str+4}
   (You found it on level 12 of the Dungeon)

   Attacks with this weapon are significantly faster.
   Str:       It affects your strength (+4).
   rF:        It makes you vulnerable to fire.
   rPois:     It protects you from poison.
 T - the +2 halberd of Onlud {venom, SInv}
   (You found it on level 3 of the Lair of Beasts)

   It poisons the flesh of those it strikes.
   SInv:      It lets you see invisible.
Missiles
 c - 3 datura-tipped darts
 f - 8 javelins
 t - 30 poisoned darts
 D - a throwing net
 S - 5 curare-tipped darts
 W - 4 boomerangs (quivered)
Armour
 m - +0 acid dragon scales
 p - a +2 helmet of see invisible
 r - a +0 pair of boots (worn)
 v - the +4 plate armour of Gocip (worn) {Rampage Will- Str+7 Slay+6}
   (You found it on level 2 of the Lair of Beasts)

   Str:       It affects your strength (+7).
   Slay:      It affects your accuracy & damage with ranged weapons and melee
   (+6).
   Rampage:   It bestows one free step when moving towards enemies.
   Will:      It decreases your willpower.
 y - the +1 helmet of Makhleb's Whim {+Inv Int-2 Stlth+}
   (You took it off Robin on level 4 of the Dungeon)

   Int:       It affects your intelligence (-2).
   +Inv:      It lets you turn invisible.
   Stlth:     It makes you more stealthy.
 H - a +1 pair of gloves of hurling (worn)
 K - a scarf of repulsion (worn)
 P - +2 steam dragon scales
 U - a +2 hat of willpower (worn)
 Z - a +0 tower shield (worn)
Jewellery
 a - a +4 ring of protection
 i - a ring of fire
 q - a ring of ice
 B - a ring of flight
 E - a +6 ring of dexterity (right hand)
 Q - the ring of the Moon (left hand) {rF+ AC+4}
   (You found it on level 7 of the Dungeon)

   [ring of protection]

   AC:        It affects your AC (+4).
   rF:        It protects you from fire.
 R - an amulet of regeneration (around neck)
Wands
 l - a wand of light (12)
 n - a wand of polymorph (9)
 o - a wand of charming (12)
 z - a wand of mindburst (12)
 A - a wand of iceblast (7)
 N - a wand of flame (1)
Scrolls
 d - 4 scrolls of amnesia
 h - 4 scrolls of poison
 s - 2 scrolls of magic mapping
 w - 6 scrolls of identify
 F - 3 scrolls of vulnerability
 J - a scroll of blinking
 M - 2 scrolls of teleportation
 X - 2 scrolls of fear
 Y - a scroll of silence
Potions
 e - 3 potions of might
 g - 2 potions of brilliance
 j - 9 potions of haste
 k - 3 potions of resistance
 u - 3 potions of heal wounds
 L - 8 potions of curing
 O - 2 potions of invisibility
Miscellaneous
 C - a piece from Xom's chessboard (15/15)
 V - a condenser vane


   Skills:
 + Level 10.2 Fighting
 + Level 10.2 Short Blades
 + Level 10.2 Long Blades
 + Level 10.2 Axes
 + Level 10.2 Maces & Flails
 + Level 10.2 Polearms
 + Level 10.2 Staves
 + Level 10.2 Slings
 + Level 10.2 Bows
 + Level 10.2 Crossbows
 + Level 10.5 Throwing
 + Level 11.1 Armour
 + Level 10.2 Dodging
 + Level 11.7 Stealth
 + Level 10.2 Shields
 + Level 10.2 Unarmed Combat
 + Level 11.3 Spellcasting
 + Level 8.5 Conjurations
 + Level 8.5 Hexes
 + Level 8.5 Summonings
 + Level 8.5 Necromancy
 + Level 8.5 Translocations
 + Level 8.5 Transmutations
 + Level 8.5 Fire Magic
 + Level 9.4 Ice Magic
 + Level 8.5 Air Magic
 + Level 8.5 Earth Magic
 + Level 8.5 Poison Magic
 + Level 11.0 Invocations
 + Level 10.2 Evocations


You had 17 spell levels left.
You knew the following spells:

 Your Spells              Type           Power      Damage    Failure   Level
a - Freeze                Ice            100%       1d11      16%         1
b - Frozen Ramparts       Ice            68%        1d8       43%         3
c - Petrify               Tmut/Erth      31%        N/A       93%         4
d - Metabolic Englaciati  Hex/Ice        16%        N/A       99%         5
e - Tukima's Dance        Hex            31%        N/A       56%         3
f - Ignite Poison         Fire/Tmut/Pois 31%        N/A       56%         3

Your spell library contained the following spells:

 Spells                   Type           Power      Damage    Failure   Level
 Apportation              Tloc           62%        N/A       24%         1
 Foxfire                  Conj/Fire      100%       2x1d9     24%         1
 Magic Dart               Conj           100%       1d8       24%         1
 Necrotize                Necr           100%       1d9       24%         1
 Summon Small Mammal      Summ           100%       N/A       24%         1
 Call Imp                 Summ           31%        N/A       34%         2
 Searing Ray              Conj           62%        2d6       34%         2
 Ozocubu's Armour         Ice            34%        N/A       43%         3
 Conjure Flame            Conj/Fire      31%        6-21      56%         3
 Inner Flame              Hex/Fire       31%        N/A       56%         3
 Mephitic Cloud           Conj/Pois/Air  31%        N/A       56%         3
 Animate Armour           Summ/Erth      62%        N/A       93%         4
 Flame Wave               Conj/Fire      31%        2d8       93%         4
 Fulminant Prism          Conj/Hex       15%        3d11      93%         4
 Passage of Golubria      Tloc           31%        N/A       93%         4
 Sticky Flame             Conj/Fire      31%        2d5       93%         4
 Alistair's Intoxication  Tmut/Pois      20%        N/A       100%        5
 Blade Hands              Tmut           15%        N/A       100%        5
 Yara's Violent Unravell  Hex/Tmut       15%        3d8       100%        5
 Iron Shot                Conj/Erth      15%        9d4       100%        6
 Simulacrum               Ice/Necr       16%        N/A       100%        6
 Statue Form              Tmut/Erth      20%        N/A       100%        6


Dungeon Overview and Level Annotations

Branches:
Dungeon (12/15)            Temple (0/1) D:5            Lair (6/6) D:10
 Shoals (0/4) Lair:3       Spider (1/4) Lair:4        Slime (0/5) Lair:5
    Orc (1/2) D:12

Altars:
Cheibriados
Dithmenos
Kikubaaqudgha
Sif Muna
Uskayaw
Zin
Lugonu

Shops:
D:7 (   D:10 [

Portals:
Abyss: Lair:6

Annotations:
Lair:4 2 runed translucent doors, Muuss's ghost, adept GnHW
Orc:1 Jorgrun


Innate Abilities, Weirdness & Mutations

You have very sharp teeth.
Your uncanny sense of smell can sniff out nearby items.
Your experience applies equally to all skills.


Message History

You kill the orc sorcerer!
Lugonu accepts your kill.
The wall freezes the orc wizard.
The wall freezes the ogre.
The wall freezes the orc warrior.
You block Jorgrun's attack. The grasping roots constrict you.
The orc barely misses you.
The wall freezes the orc warrior!
The wall freezes the orc wizard!
You kill the orc wizard!
Lugonu accepts your kill. You block the orc warrior's attack.
The wall freezes the orc priest.
The wall freezes the ogre!
The ogre barely misses you. You block the orc's attack.
Jorgrun gestures at you while chanting. The iron shot hits you!!
The grasping roots constrict you!
* * * LOW HITPOINT WARNING * * *
You puncture the orc priest!
The orc priest is almost dead.
Your +4 spectral trident hits the orc priest!
You kill the orc priest!
Lugonu accepts your kill.
The wall freezes the orc warrior!
The orc warrior hits you with a +2 flail of protection!
* * * LOW HITPOINT WARNING * * *
Jorgrun points at you and mumbles some strange words.
You resist with significant effort. The grasping roots constrict you!
* * * LOW HITPOINT WARNING * * *
You block the orc's attack.
Okay, then.
Okay, then.
As you read the scroll of fear, it crumbles to dust.
You assume a fearsome visage.
Jorgrun resists with almost no effort.
The orc warrior looks frightened!
The orc looks frightened!
The orc warrior looks frightened!
The ogre looks frightened!
The wall freezes the ogre.
Your attack snaps the ogre out of its fear.
The wall freezes the orc warrior!
Your attack snaps the orc warrior out of its fear.
Jorgrun hits you with a +0 vorpal quarterstaff.
* * * LOW HITPOINT WARNING * * *
x2 The grasping roots constrict you.
You die...

,,,,,,*,,,,,,,,,,***
,,,,,,**,*#.....##.###
,,,,,,,,*#.....#.....##
,,,,,,,,,#............#
,,,,,,,,,#...........###
,,,,*,*,^,#..#.......,.##
*,,,,*,,,##...>..#.#,...#
***,***,,......g)ยง#**..##
**,,,*,,,#....o)@)##....#
,,,,,,,,*#.....o)#O#...#*
,,,,,,,,*.......o......#****
,,***,,,,.......##.#..#.#*,**
*** ***,*.......,##.......,,*
* ****,.......,,,.......,****
**,*,,.......,,o)..#...,,,,*
*,,,,,.....#.,,,o.##...*,,,*
**,*,*....#..,,,o)#*,.#**,,*


You could see Jorgrun, 2 orc warriors, an ogre (fleeing) and an orc (fleeing).

Vanquished Creatures
  Rupert (D:12)
  Gastronok (Lair:3)
  An orc warlord (D:12)
  Snorg (Lair:4)
  5 hydras
  3 boulder beetles
  A catoblepas (Lair:6)
  The ghost of DocClef the Blocker, a journeyman GnFi of Hepliaklqana (Lair:1)
  A centaur warrior (D:7)
  4 two-headed ogres
  6 death yaks
  2 thrashing horrors (Lair:6)
  A large abomination (Lair:6)
  A lindwurm (Lair:6)
  An obsidian statue (D:11)
  An orc sorcerer (Orc:1)
  3 cyclopes
  A manticore (D:11)
  4 ugly things
  Maurice (D:12)
  2 black mambas
  A merfolk siren (Lair:3)
  15 elephants
  2 smoke demons (Lair:6)
  23 cane toads
  Maggie (D:7)
  An ancient zyme (Lair:6)
  10 komodo dragons
  5 polar bears
  2 trolls
  A hornet (D:8)
  29 blink frogs
  9 slime creatures
  2 shadows (D:10)
  A ynoxinul (Lair:6)
  94 yaks
  A vampire (D:12)
  4 wyverns
  A wyvern (shapeshifter) (Lair:6)
  5 basilisks
  A steam dragon (D:9)
  4 chaos spawn (Lair:6)
  Grum (D:9)
  An acid dragon (D:11)
  Duvessa (D:7)
  12 small abominations (Lair:6)
  11 water moccasins
  A sky beast (D:6)
  An ice beast (D:6)
  8 orc warriors
  3 black bears
  2 centaurs
  6 ogres
  33 wolves
  A phantom (D:7)
  4 kobold brigands
  14 bullfrogs
  A gnoll sergeant (D:12)
  5 scorpions
  Dowan (D:7)
  20 wights
  3 killer bees (D:10)
  4 hounds
  3 orc priests
  16 jellies
  A gnoll shaman (D:4)
  Jessica (D:2)
  An iguana (D:4)
  19 orc wizards
  Robin (D:4)
  8 gnolls
  6 adders
  4 shadow imps
  2 ufetubi
  4 worms
  3 dart slugs
  49 orcs
  5 ball pythons
  3 bats
  4 endoplasms
  3 giant cockroaches
  15 goblins
  6 hobgoblins
  2 jackals (D:4)
  4 quokkas
  7 frilled lizards
  29 kobolds
  5 rats
  A bush (Lair:3)
589 creatures vanquished.

Vanquished Creatures (collateral kills)
  2 elephants (Lair:6)
  A yak (Lair:1)
  An orc warrior (D:12)
  5 orcs
9 creatures vanquished.

Vanquished Creatures (others)
  A dancing weapon (D:12)
  10 bushes (Lair:3)
  29 fungi
  44 plants
  4 toadstools (D:4)
88 creatures vanquished.

Grand Total: 686 creatures vanquished

Notes
Turn   | Place    | Note
-------+----------+-------------------------------------------
     0 | D:1      | thriggle the Gnoll Wanderer began the quest for the Orb.
     0 | D:1      | thriggle set off with the following items: a +0 dagger, an
                  | atropa-tipped dart, 2 datura-tipped darts, a +0 ring mail,
                  | a potion of might; and the following spell memorised:
                  | Freeze; and the following spells available to memorise:
                  | Frozen Ramparts.
     0 | D:1      | Reached XP level 1. HP: 13/13 MP: 6/6
   221 | D:1      | Reached XP level 2. HP: 18/19 MP: 5/7
   665 | D:1      | Found a faded altar of an unknown god.
   672 | D:1      | Prayed at the altar of an unknown god.
   672 | D:1      | Became a worshipper of Lugonu the Unformed
   672 | D:1      | Reached * piety under Lugonu
   672 | D:1      | Reached ** piety under Lugonu
  1144 | D:2      | Reached XP level 3. HP: 19/25 MP: 6/9
  1239 | D:2      | Reached skill level 5 in Spellcasting
  1243 | D:2      | Learned a level 3 spell: Frozen Ramparts
  1548 | D:2      | Reached skill level 1 in Invocations
  1770 | D:2      | Noticed Jessica
  1780 | D:2      | Killed Jessica
  1781 | D:2      | Reached skill level 1 in Fighting
  1781 | D:2      | Reached skill level 1 in Short Blades
  1781 | D:2      | Reached skill level 1 in Long Blades
  1781 | D:2      | Reached skill level 1 in Axes
  1781 | D:2      | Reached skill level 1 in Maces & Flails
  1781 | D:2      | Reached skill level 1 in Polearms
  1781 | D:2      | Reached skill level 1 in Staves
  1781 | D:2      | Reached skill level 1 in Slings
  1781 | D:2      | Reached skill level 1 in Bows
  1781 | D:2      | Reached skill level 1 in Crossbows
  1781 | D:2      | Reached skill level 1 in Dodging
  1781 | D:2      | Reached skill level 1 in Shields
  1781 | D:2      | Reached skill level 1 in Unarmed Combat
  1781 | D:2      | Reached skill level 1 in Evocations
  1781 | D:2      | Reached XP level 4. HP: 22/32 MP: 8/11
  2608 | D:3      | Found a snail-covered altar of Cheibriados.
  2716 | D:3      | Reached skill level 1 in Conjurations
  2716 | D:3      | Reached skill level 1 in Hexes
  2716 | D:3      | Reached skill level 1 in Summonings
  2716 | D:3      | Reached skill level 1 in Necromancy
  2716 | D:3      | Reached skill level 1 in Translocations
  2716 | D:3      | Reached skill level 1 in Transmutations
  2716 | D:3      | Reached skill level 1 in Fire Magic
  2716 | D:3      | Reached skill level 1 in Air Magic
  2716 | D:3      | Reached skill level 1 in Earth Magic
  2716 | D:3      | Reached skill level 1 in Poison Magic
  3207 | D:4      | Identified the +1 helmet of Makhleb's Whim {+Inv Int-2
                  | Stlth+}
  3207 | D:4      | Noticed Robin
  3208 | D:4      | Reached *** piety under Lugonu
  3215 | D:4      | Reached XP level 5. HP: 32/37 MP: 12/12
  3221 | D:4      | Killed Robin
  3467 | D:4      | Noticed an ogre
  3475 | D:4      | Killed an ogre
  3476 | D:4      | Reached skill level 5 in Armour
  3476 | D:4      | Reached XP level 6. HP: 44/44 MP: 14/14
  3785 | D:4      | Found a glowing silver altar of Zin.
  3871 | D:5      | Entered Level 5 of the Dungeon
  4007 | D:5      | Reached XP level 7. HP: 50/50 MP: 15/15
  4052 | D:5      | Found a staircase to the Ecumenical Temple.
  5012 | D:6      | Reached XP level 8. HP: 57/57 MP: 16/16
  5793 | D:7      | Noticed Maggie
  5793 | D:7      | Noticed a komodo dragon
  5906 | D:6      | Killed a komodo dragon
  6083 | D:6      | Reached skill level 5 in Ice Magic
  6083 | D:6      | Reached XP level 9. HP: 65/65 MP: 18/18
  6299 | D:6      | Reached **** piety under Lugonu
  6379 | D:7      | Killed Maggie
  6462 | D:7      | Reached skill level 5 in Throwing
  6546 | D:7      | Found Poanuaf's Hydra Hut.
  6547 | D:7      | Noticed a five-headed hydra
  6638 | D:7      | Found a hide-covered altar of Uskayaw.
  6638 | D:7      | Identified the ring of the Moon {rF+ AC+4}
  6804 | D:7      | Learned a level 4 spell: Petrify
  6810 | D:7      | Learned a level 5 spell: Metabolic Englaciation
  6850 | D:7      | Reached skill level 5 in Invocations
  6886 | D:7      | Noticed Duvessa
  6886 | D:7      | Noticed Dowan
  6900 | D:7      | Killed Duvessa
  6902 | D:7      | Killed Dowan
  6956 | D:7      | Noticed a centaur warrior
  6971 | D:7      | Killed a centaur warrior
  6972 | D:7      | Reached skill level 5 in Fighting
  6972 | D:7      | Reached skill level 5 in Short Blades
  6972 | D:7      | Reached skill level 5 in Long Blades
  6972 | D:7      | Reached skill level 5 in Axes
  6972 | D:7      | Reached skill level 5 in Maces & Flails
  6972 | D:7      | Reached skill level 5 in Polearms
  6972 | D:7      | Reached skill level 5 in Staves
  6972 | D:7      | Reached skill level 5 in Slings
  6972 | D:7      | Reached skill level 5 in Bows
  6972 | D:7      | Reached skill level 5 in Crossbows
  6972 | D:7      | Reached skill level 5 in Dodging
  6972 | D:7      | Reached skill level 5 in Shields
  6972 | D:7      | Reached skill level 5 in Unarmed Combat
  6972 | D:7      | Reached skill level 5 in Evocations
  6972 | D:7      | Reached XP level 10. HP: 37/74 MP: 20/20
  7531 | D:8      | Reached ***** piety under Lugonu
  7534 | D:8      | Found an ancient bone altar of Kikubaaqudgha.
  7742 | D:9      | Noticed Grum
  7749 | D:9      | Killed Grum
  7827 | D:9      | Found a shadowy altar of Dithmenos.
  7887 | D:9      | Found a shimmering blue altar of Sif Muna.
  8130 | D:9      | Noticed a two-headed ogre
  8140 | D:9      | Killed a two-headed ogre
  8185 | D:9      | Learned a level 3 spell: Tukima's Dance
  8205 | D:9      | Reached XP level 11. HP: 81/81 MP: 16/22
  8674 | D:10     | Entered Level 10 of the Dungeon
  8868 | D:10     | Noticed a two-headed ogre
  8959 | D:10     | Killed a two-headed ogre
  8960 | D:10     | Reached skill level 5 in Conjurations
  8960 | D:10     | Reached skill level 5 in Hexes
  8960 | D:10     | Reached skill level 5 in Summonings
  8960 | D:10     | Reached skill level 5 in Necromancy
  8960 | D:10     | Reached skill level 5 in Translocations
  8960 | D:10     | Reached skill level 5 in Transmutations
  8960 | D:10     | Reached skill level 5 in Fire Magic
  8960 | D:10     | Reached skill level 5 in Air Magic
  8960 | D:10     | Reached skill level 5 in Earth Magic
  8960 | D:10     | Reached skill level 5 in Poison Magic
  9249 | D:10     | Found a staircase to the Lair.
  9314 | D:10     | Found Yphuduje's Armour Emporium.
  9325 | D:10     | Bought a +2 helmet of see invisible for 258 gold pieces
  9648 | D:11     | Noticed a manticore
  9654 | D:11     | Killed a manticore
  9792 | D:11     | Noticed a cyclops
  9801 | D:11     | Killed a cyclops
  9845 | D:11     | Noticed a boulder beetle
  9864 | D:11     | Killed a boulder beetle
  9927 | D:11     | Noticed a boulder beetle
  9930 | D:11     | Noticed a red ugly thing
  9931 | D:11     | Noticed a two-headed ogre
  9942 | D:11     | Killed a red ugly thing
  9943 | D:11     | Reached XP level 12. HP: 88/89 MP: 24/24
  9945 | D:11     | Killed a two-headed ogre
  9956 | D:11     | Killed a boulder beetle
 10454 | D:12     | Found a staircase to the Orcish Mines.
 10626 | Lair:1   | Entered Level 1 of the Lair of Beasts
 10694 | D:10     | Learned a level 3 spell: Ignite Poison
 10736 | D:12     | Noticed a two-headed ogre
 10741 | D:12     | Identified the +5 flail of Demonkind {speed, rPois rF-
                  | Str+4}
 10753 | D:12     | Noticed Maurice
 10763 | D:12     | Killed a two-headed ogre
 10767 | D:12     | Killed Maurice
 10769 | D:12     | Noticed Rupert
 10784 | D:12     | Killed Rupert
 10991 | D:12     | Reached ****** piety under Lugonu
 11951 | Lair:1   | Found a large runed translucent door.
 11951 | Lair:1   | Found a large runed translucent door.
 11952 | Lair:1   | Noticed DocClef's ghost (journeyman GnFi)
 12138 | Lair:1   | Reached XP level 13. HP: 91/98 MP: 21/26
 12497 | Lair:1   | Killed DocClef's ghost
 12498 | Lair:1   | Reached skill level 10 in Stealth
 12851 | Lair:2   | Identified the +4 plate armour of Gocip {Rampage Will-
                  | Str+7 Slay+6}
 13611 | Lair:3   | Noticed Gastronok
 13645 | Lair:3   | Killed Gastronok
 13804 | Lair:3   | Reached skill level 10 in Spellcasting
 13985 | Lair:3   | Identified the +5 ring mail of Thoughtfulness {Fly MP+9}
 13987 | Lair:3   | Identified the +2 halberd of Onlud {venom, SInv}
 14050 | Lair:3   | Reached skill level 10 in Armour
 14053 | Lair:3   | Reached XP level 14. HP: 38/106 MP: 26/28
 14539 | Lair:3   | Identified the +0 robe of Repulsion {Slay+3}
 14577 | Lair:3   | Found a staircase to the Shoals.
 14826 | Lair:4   | Found a large runed translucent door.
 14826 | Lair:4   | Found a large runed translucent door.
 15037 | Lair:4   | Found a hole to the Spider Nest.
 15046 | Spider:1 | Entered Level 1 of the Spider Nest
 15074 | Lair:4   | Noticed Snorg
 15084 | Lair:4   | Killed Snorg
 15085 | Lair:4   | Reached skill level 10 in Invocations
 15167 | Lair:4   | Identified the +1 quarterstaff "Eplaim" {freeze, Stlth+}
 15248 | Lair:4   | Noticed Muuss's ghost (adept GnHW)
 16160 | Lair:5   | Found a staircase to the Slime Pits.
 16851 | Lair:6   | Entered Level 6 of the Lair of Beasts
 16949 | Lair:6   | Reached skill level 10 in Throwing
 17092 | Lair:6   | Reached XP level 15. HP: 105/115 MP: 29/29
 17804 | Lair:6   | Reached skill level 10 in Fighting
 17804 | Lair:6   | Reached skill level 10 in Short Blades
 17804 | Lair:6   | Reached skill level 10 in Long Blades
 17804 | Lair:6   | Reached skill level 10 in Axes
 17804 | Lair:6   | Reached skill level 10 in Maces & Flails
 17804 | Lair:6   | Reached skill level 10 in Polearms
 17804 | Lair:6   | Reached skill level 10 in Staves
 17804 | Lair:6   | Reached skill level 10 in Slings
 17804 | Lair:6   | Reached skill level 10 in Bows
 17804 | Lair:6   | Reached skill level 10 in Crossbows
 17804 | Lair:6   | Reached skill level 10 in Dodging
 17804 | Lair:6   | Reached skill level 10 in Shields
 17804 | Lair:6   | Reached skill level 10 in Unarmed Combat
 17804 | Lair:6   | Reached skill level 10 in Evocations
 18196 | Lair:6   | Found a corrupted altar of Lugonu.
 18203 | Lair:6   | Found a one-way gate to the infinite horrors of the Abyss.
 18505 | Orc:1    | Entered Level 1 of the Orcish Mines
 18509 | Orc:1    | Noticed an orc warlord
 18519 | Orc:1    | Noticed Jorgrun
 18533 | D:12     | Killed an orc warlord
 18596 | Orc:1    | HP: 5/115 [Jorgrun/+0 vorpal quarterstaff (1)]
 18596 | Orc:1    | Constricted to death by Jorgrun

Illustrated notes

Levels and vault maps discovered:
D:1:      ncdulo_smallfort, layout_basic, dreamdust_ecumenical_altar_statues,
          chequers_serial_rivers_room_b
D:2:      layout_basic, uniq_jessica
D:3:      layout_loops_ring, lemuel_doored_altar
D:4:      layout_rooms, zin_academy, minmay_gold_behind_fungi, uniq_robin
D:5:      corexii_shack_village, layout_loops_ring,
          minmay_temple_entry_junction, serial_bayou_ford_a
D:6:      layout_basic
D:7:      nzn_winding_woodlands_small [nzn_winding_woodlands_5x15_twine,
          nzn_winding_woodlands_center_diamonds,
          nzn_winding_woodlands_5x15_eye], layout_cave_pools,
          nicolae_uskayaw_murder_on_the_dancefloor, doesnt_shop_hydraphobe,
          uniq_maggie, uniq_duvessa
D:8:      layout_cave_pools, kennysheep_mini_moat
D:9:      layout_long_grid, nicolae_overflow_crystal_walls,
          mainiacjoe_overflow_brackets, uniq_grum
D:10:     layout_cross, lair_entry_dummy, serial_shops,
          nicolae_shop_hallway_plus, amcnicky_mini_rare_corridor_liquid,
          minmay_parallelograms
D:11:     statuecave_lemuel, layout_rooms
D:12:     layout_gridville, hiddenorc2_lemuel, uniq_maurice, uniq_rupert
Lair:1:   layout_cave_shapes, ebering_ghost_disaster_area, serial_bayou,
          serial_bayou_pond_d, serial_bayou_shore_b, serial_bayou_shore_b
Lair:2:   layout_hall_layers, infiniplex_staircase_pool
Lair:3:   layout_loops_ring, minmay_shoals_entry_lonely_mermaid, serial_rivers,
          chequers_serial_rivers_small_b, chequers_serial_rivers_room_b,
          chequers_serial_rivers_small_a, chequers_serial_rivers_large_a,
          chequers_serial_rivers_micro_e, minmay_hedge_maze, nzn_random_ring,
          uniq_gastronok
Lair:4:   layout_roguey, nicolae_spider_entry_non_spiders,
          ebering_ghost_disaster_area, beast_lair_carwin_10, uniq_snorg
Lair:5:   layout_cave_pods, minmay_slime_entry_jelly_boxes
Lair:6:   hellmonk_lair_end_abyssal_woods, layout_regular_city
Spider:1: layout_spider_delve, uniq_mlioglotl
Orc:1:    layout_caves, serial_shops, nicolae_shop_advertising_works
          [nicolae_subvault_shop_adworks], uniq_nergalle, uniq_jorgrun

Skill      XL: |  1  2  3  4  5  6  7  8  9 10 11 12 13 14 15 |
---------------+----------------------------------------------+-----
Stealth        | 6 7 8 9 10 11 | 11.7
Spellcasting   | 5 6 7 8 9 10 11 | 11.3
Invocations    | 1 2 3 4 5 6 7 8 9 10 11 | 11.0
Fighting       | 1 2 3 5 6 7 8 9 10 | 10.2
Short Blades   | 1 2 3 5 6 7 8 9 10 | 10.2
Long Blades    | 1 2 3 5 6 7 8 9 10 | 10.2
Axes           | 1 2 3 5 6 7 8 9 10 | 10.2
Maces & Flails | 1 2 3 5 6 7 8 9 10 | 10.2
Polearms       | 1 2 3 5 6 7 8 9 10 | 10.2
Staves         | 1 2 3 5 6 7 8 9 10 | 10.2
Slings         | 1 2 3 5 6 7 8 9 10 | 10.2
Bows           | 1 2 3 5 6 7 8 9 10 | 10.2
Crossbows      | 1 2 3 5 6 7 8 9 10 | 10.2
Dodging        | 1 2 3 5 6 7 8 9 10 | 10.2
Shields        | 1 2 3 5 6 7 8 9 10 | 10.2
Unarmed Combat | 1 2 3 5 6 7 8 9 10 | 10.2
Evocations     | 1 2 3 5 6 7 8 9 10 | 10.2
Conjurations   | 1 2 3 4 5 6 7 8 |  8.5
Hexes          | 1 2 3 4 5 6 7 8 |  8.5
Summonings     | 1 2 3 4 5 6 7 8 |  8.5
Necromancy     | 1 2 3 4 5 6 7 8 |  8.5
Translocations | 1 2 3 4 5 6 7 8 |  8.5
Transmutations | 1 2 3 4 5 6 7 8 |  8.5
Fire Magic     | 1 2 3 4 5 6 7 8 |  8.5
Air Magic      | 1 2 3 4 5 6 7 8 |  8.5
Earth Magic    | 1 2 3 4 5 6 7 8 |  8.5
Poison Magic   | 1 2 3 4 5 6 7 8 |  8.5
Throwing       | 3 4 5 6 7 8 9 10 | 10.5
Ice Magic      | 4 5 6 7 8 9 |  9.4
Armour         | 5 6 7 8 9 10 11 | 11.1

Action                   |  1- 3 |  4- 6 |  7- 9 | 10-12 | 13-15 || total
-------------------------+-------+-------+-------+-------+-------++-------
Melee: Dagger            |    45 |    13 |       |       |       ||    58
       Bite              |     4 |     7 |    12 |    67 |   125 ||   215
       Trident           |       |    52 |   148 |   396 |   744 ||  1340
       Long sword        |       |    14 |       |       |       ||    14
       Punch             |       |     1 |     5 |    24 |    25 ||    55
       Flail             |       |       |       |    10 |    70 ||    80
Throw: Stone             |    23 |     1 |    23 |    41 |       ||    88
       Dart              |     3 |     9 |     8 |    80 |    51 ||   151
       Boomerang         |       |       |    27 |    12 |    34 ||    73
       Javelin           |       |       |       |     6 |    11 ||    17
 Cast: Freeze            |    20 |     4 |       |     2 |       ||    26
       Frozen Ramparts   |       |     2 |       |     6 |    12 ||    20
       Tukima's Dance    |       |       |       |    11 |       ||    11
       Ignite Poison     |       |       |       |     9 |     8 ||    17
Evoke: Wand              |       |     1 |       |     2 |     3 ||     6
       Piece from Xom's  |       |       |       |       |     1 ||     1
  Use: Scroll            |     4 |     4 |     5 |     9 |     9 ||    31
       Potion            |       |       |     2 |     6 |     2 ||    10
 Stab: Sleeping          |     5 |    17 |     8 |     3 |     1 ||    34
       Distracted        |     1 |     2 |       |    12 |    17 ||    32
       Invisible         |     1 |       |       |       |       ||     1
       Petrified         |       |       |       |       |     1 ||     1
Armor: Ring mail         |    26 |    24 |    31 |       |       ||    81
       Steam dragon scal |       |       |    23 |    68 |    25 ||   116
       Plate armour      |       |       |       |       |   369 ||   369
Dodge: Dodged            |    25 |    36 |    77 |   165 |   266 ||   569
       Repelled          |       |       |     1 |     4 |       ||     5
Block: Tower shield      |       |       |       |       |   396 ||   396

Table legend: (Time is in decaauts)
 A = Elapsed time spent in this place.
 B = Non-inter-level travel time spent in this place.
 C = Inter-level travel time spent in this place.
 D = Time resting spent in this place.
 E = Time spent auto-exploring this place.
 F = Levels seen in this place.
 G = Mean time per level.
                   A        B        C        D        E       F      G
               +--------+--------+--------+--------+--------+-----+--------+
         Total |  18600 |  17286 |   1314 |   2175 |   7701 |  20 |  930.0 |
       Dungeon |  11907 |  11057 |    850 |   1692 |   5094 |  12 |  992.2 |
          Lair |   6664 |   6201 |    463 |    483 |   2606 |   6 | 1110.7 |
   Spider Nest |      1 |      1 |      0 |      0 |      0 |   1 |    1.0 |
  Orcish Mines |     26 |     26 |      0 |      0 |      0 |   1 |   26.0 |
               +--------+--------+--------+--------+--------+-----+--------+

Top non-repeatable levels by time:
     D:6: 1836 daAuts
  Lair:6: 1575 daAuts
    D:12: 1316 daAuts
  Lair:3: 1238 daAuts
  Lair:5: 1143 daAuts
     D:1: 1130 daAuts
     D:2: 1097 daAuts
     D:9: 979 daAuts
  Lair:4: 977 daAuts
  Lair:2: 972 daAuts
    D:11: 920 daAuts
     D:3: 915 daAuts
    D:10: 883 daAuts
     D:7: 866 daAuts
  Lair:1: 756 daAuts
